 Dungeon Crawl Stone Soup version 0.21.1-1-g345015fe64 (webtiles) character file.

45 OlSheep the Caller (level 3, 0/19 HPs)
             Began as a Deep Elf Summoner on July 15, 2018.
             Killed from afar by Ijyb (16 damage)
             ... with a wand of acid (4)
             ... on level 2 of the Dungeon.
             The game lasted 00:05:19 (1400 turns).

OlSheep the Caller (Deep Elf Summoner)              Turns: 1400, Time: 00:05:20

Health: 0/19       AC:  2    Str:  5    XL:     3   Next: 42%
Magic:  4/10       EV: 13    Int: 20    God:
Gold:   30         SH:  0    Dex: 15    Spells: 9/10 levels left

rFire    . . .     SeeInvis .   f - +0 dagger
rCold    . . .     Gourm    .   (no shield)
rNeg     . . .     Faith    .   a - +0 robe
rPois    .         Spirit   .   (no helmet)
rElec    .         Reflect  .   (no cloak)
rCorr    .         Harm     .   (no gloves)
MR       .....                  (no boots)
Stlth    ++........             (no amulet)
HPRegen  0.06/turn              (no ring)
MPRegen  0.12/turn              (no ring)

@: no status effects
A: no striking features
a: no special abilities


You were on level 2 of the Dungeon.
You were not hungry.

You visited 1 branch of the dungeon, and saw 2 of its levels.

You collected 30 gold pieces.

Inventory:

Hand Weapons
 f - a +0 dagger (weapon)
Missiles
 h - 58 arrows
Armour
 a - a +0 robe (worn)
Scrolls
 e - a scroll of teleportation
 g - a scroll of magic mapping {unknown}
 i - a scroll of amnesia {unknown}
Potions
 d - a potion of haste
 j - a potion of might {unknown}
 k - a potion of degeneration {unknown}
Books
 b - a book of Callings

   Spells                             Type                      Level
   a - Summon Small Mammal            Summoning                    1
   b - Call Imp                       Summoning                    2
   c - Call Canine Familiar           Summoning                    3
   d - Summon Guardian Golem          Hexes/Summoning              3
   e - Summon Lightning Spire         Summoning/Air                4
   f - Summon Ice Beast               Ice/Summoning                4
Comestibles
 c - 2 rations


   Skills:
 + Level 2.8 Dodging
 - Level 2.4 Stealth
 + Level 4.2 Spellcasting
 + Level 5.0 Summonings


You had 9 spell levels left.
You knew the following spells:

 Your Spells              Type           Power        Failure   Level  Hunger
a - Summon Small Mammal   Summ           ###.         1%          1    None


Dungeon Overview and Level Annotations

Branches:
Dungeon (2/15)

Altars:
Dithmenos

Annotations:
D:2 Ijyb


Message History

Aim: Ijyb, wielding a dagger, wearing a ring mail and carrying a wand of acid (5) (lightly wounded) Attack!
Your bat closely misses Ijyb.
The goblin barely misses your quokka.
Your quokka misses Ijyb.
The kobold throws a stone.
The stone barely misses your quokka. The stone hits you but does no damage.
Your quokka bites Ijyb but does no damage.
Your bat closely misses Ijyb.
Your bat hits Ijyb but does no damage. The goblin completely misses your bat.
Your bat completely misses Ijyb.
The kobold throws a stone.
The stone closely misses your quokka. The stone misses your quokka.
The stone hits you.
Ijyb zaps a wand.
The bolt of acid misses you.
You see here a stone.
You hit Ijyb.
Ijyb is moderately wounded.
Your bat barely misses the goblin.
Your bat misses Ijyb. Your bat hits Ijyb.
Your quokka closely misses Ijyb.
The goblin misses your quokka.
Your bat barely misses Ijyb.
The kobold throws a stone.
The stone misses your quokka. The stone barely misses you.
Ijyb zaps a wand.
The bolt of acid hits you!
Ouch! That really hurt!
You die...

#.#
#8..K..8#####..
#.##
#.....)........
#..#
#.............#
##.# ..##(# #.#
#.##g## # #.#
#K#.gg####.# #.#
#....rg....# #.#
####..b.rg.##.##..
#.#
#.......b.@......#
#.#
#.##......(##.##..
#.# #.####.>.### #
#.###.####...#
#..............
#####....###.###
####.# #.# #.# #.
#


You could see Ijyb, 4 goblins, a kobold, 2 friendly quokkas and 2 friendly bats.

Vanquished Creatures
  A ball python (D:1)
  2 bats (D:1)
  A goblin (D:2)
  A frilled lizard (D:1)
5 creatures vanquished.

Vanquished Creatures (collateral kills)
  A scorpion (D:2)
  A dart slug (D:1)
  A leopard gecko (D:2)
  A giant cockroach (D:1)
  4 hobgoblins (D:1)
  4 jackals (D:1)
  2 kobolds (D:2)
  A ball python (D:1)
  2 bats (D:1)
  A frilled lizard (D:1)
  3 goblins (D:2)
  2 rats (D:1)
23 creatures vanquished.

Grand Total: 28 creatures vanquished

Notes
Turn   | Place    | Note
-------+----------+-------------------------------------------
     0 | D:1      | OlSheep the Deep Elf Summoner began the quest for the Orb.
     0 | D:1      | Reached XP level 1. HP: 10/10 MP: 6/6
   421 | D:1      | Reached XP level 2. HP: 11/15 MP: 4/8
   983 | D:2      | Found a faded altar of an unknown god.
  1014 | D:2      | Found a shadowy altar of Dithmenos.
  1020 | D:2      | Noticed a scorpion
  1054 | D:2      | Killed a scorpion
  1054 | D:2      | Reached skill level 5 in Summonings
  1054 | D:2      | Reached XP level 3. HP: 11/19 MP: 0/10
  1386 | D:2      | Noticed Ijyb
  1400 | D:2      | Killed from afar by Ijyb

Skill      XL: |  1  2 |
---------------+-------+-----
Spellcasting   | 4 |  4.2
Summonings     | 5 |  5.0
Dodging        | |  2.8
Stealth        | |  2.4

Action                   || total
-------------------------++-------
Melee: Dagger            ||    20
 Cast: Summon Small Mamm ||    53
  Use: Scroll            ||     2
       Potion            ||     2
 Stab: Sleeping          ||     1
  Eat: Chunk             ||     1
Armor: Robe              ||    12
Dodge: Dodged            ||    36
